 Dungeon Crawl Stone Soup version 0.31-a0-806-g0bc164a743 (console) character file.

Game seed: 3629523334728749564

2033431 elliptic the Conqueror (level 27, 249/249 HPs)
             Began as a Merfolk Conjurer on Sept 20, 2023.
             Was the Champion of Okawaru.
             Escaped with the Orb
             ... and 3 runes on Sept 21, 2023!
             The game lasted 03:00:43 (49587 turns).

elliptic the Conqueror (Merfolk Conjurer)          Turns: 49587, Time: 03:00:44

Health: 249/249    AC: 24    Str:  1    XL:     27
Magic:  37/45      EV: 53    Int: 15    God:    Okawaru [******]
Gold:   2422       SH:  0    Dex: 39    Spells: 28/30 levels left

rFire   + + .        a - +27 heavy crossbow {heavy, Acc+∞ SInv, norare}
rCold   + . .        (shield currently unavailable)
rNeg    . . .        V - +5 steam dragon scales {nodragon}
rPois   +            h - +1 hat
rElec   +            d - +2 cloak {rPois}
rCorr   +            i - +3 pair of gauntlets of War {Slay+5}
SInv    +            o - +1 pair of boots of Yreleugupn {rElec Regen+ MP+9 Dex-2}
Will    ++...        e - amulet of Eternal Night {Acrobat rF++ Str-4 Dex+4 Stlth+}
Stlth   ++           C - ring "Iruezaj" {Contam rC+ rCorr Dex+6 SInv}
HPRegen 2.21/turn    H - +6 ring of dexterity
MPRegen 0.29/turn

%: acrobat
@: hasted, very quick
A: (nimble swimmer 2), mertail, horns 1, dopey 1, regeneration 1, weak 2,
inability to drink after injury 1
0: Orb of Zot
}: 3/15 runes: serpentine, barnacled, silver
a: Renounce Religion, Heroism, Finesse, Duel


You escaped.
You worshipped Okawaru.
Okawaru was exalted by your worship.
You visited 11 branches of the dungeon, and saw 51 of its levels.
You visited the Abyss 1 time.
You visited 1 bazaar.
You also visited: Bailey, Gauntlet, Volcano, Wizlab and Desolation.

You collected 11002 gold pieces.
You spent 8580 gold pieces at shops.


Innate Abilities, Weirdness & Mutations

((You are very nimble when in or above water. (Stealth+, EV+, Speed+++)))
Your lower body shifts to a powerful aquatic tail in water.
You have a pair of small horns on your head.
You are dopey. (Int -2)
Your natural rate of healing is unusually fast.
You are very weak. (Str -4)
You occasionally lose the ability to drink potions when taking damage.


   Skills:
 O Level 27 Fighting
 O Level 27 Ranged Weapons
 + Level 11.7 Armour
 O Level 27 Dodging
 - Level 2.1 Stealth
 - Level 2.1 Spellcasting
 - Level 5.9 Conjurations
 - Level 6.1 Translocations
 - Level 19.4 Invocations


You had 28 spell levels left.
You knew the following spells:

 Your Spells              Type           Power      Damage    Failure   Level
v - Blink                 Tloc           38%        N/A       2%          2

Your spell library contained the following spells:

 Spells                   Type           Power      Damage    Failure   Level
 Apportation              Tloc           38%        N/A       1%          1
 Magic Dart               Conj           76%        1d6       1%          1
 Lesser Beckoning         Tloc           38%        N/A       2%          2
 Momentum Strike          Conj/Tloc      38%        3d9       2%          2
 Searing Ray              Conj           38%        2d5       3%          2
 Gell's Gravitas          Tloc           19%        N/A       5%          3
 Teleport Other           Tloc           19%        N/A       5%          3
 Kiss of Death            Conj/Necr      40%        2d8       7%          1
 Static Discharge         Conj/Air       20%        2-3/arc   10%         2
 Iskenderun's Mystic Bla  Conj/Tloc      19%        2d6       19%         4
 Manifold Assault         Tloc           19%        N/A       19%         4
 Dazzling Flash           Conj/Hex       20%        N/A       21%         3
 Hailstorm                Conj/Ice       10%        3d5       21%         3
 Stone Arrow              Conj/Erth      20%        3d8       21%         3
 Freeze                   Ice            4%         1d3       22%         1
 Necrotise                Necr           4%         1d4       22%         1
 Sandblast                Erth           2%         2d4       22%         1
 Slow                     Hex            4%         N/A       22%         1
 Sting                    Tmut/Pois      4%         1d3       22%         1
 Mephitic Cloud           Conj/Pois/Air  7%         N/A       30%         3
 Cigotuvi's Dreadful Rot  Necr/Pois/Air  2%         N/A       32%         2
 Ensorcelled Hibernation  Hex/Ice        2%         N/A       32%         2
 Jinxbite                 Hex            2%         N/A       32%         2
 Passwall                 Tmut/Erth      0%         N/A       32%         2
 Scorch                   Fire           2%         2d5       32%         2
 Sublimation of Blood     Necr           1%         N/A       32%         2
 Wereblood                Tmut           1%         N/A       32%         2
 Iskenderun's Battlesphe  Conj           19%        2d7       47%         5
 Vhi's Electric Charge    Tloc/Air       20%        N/A       52%         4
 Confusing Touch          Hex            1%         N/A       54%         3
 Frozen Ramparts          Ice            2%         1d1       54%         3
 Ignite Poison            Fire/Tmut/Pois 1%         N/A       54%         3
 Inner Flame              Hex/Fire       1%         N/A       54%         3
 Ozocubu's Armour         Ice            1%         N/A       54%         3
 Sigil of Binding         Hex            1%         N/A       54%         3
 Swiftness                Air            1%         N/A       54%         3
 Vampiric Draining        Necr           1%         2d6       54%         3
 Brom's Barrelling Bould  Conj/Erth      10%        2d3       54%         4
 Flame Wave               Conj/Fire      10%        2d6       54%         4
 Fulminant Prism          Conj/Hex       5%         3d6       54%         4
 Sticky Flame             Conj/Fire      10%        2d3       54%         4
 Fireball                 Conj/Fire      5%         3d5       88%         5
 Irradiate                Conj/Tmut      5%         3d13      88%         5
 Airstrike                Air            0%         2d(1-17)  91%         4
 Anguish                  Hex/Necr       0%         N/A       91%         4
 Cause Fear               Hex            0%         N/A       91%         4
 Leda's Liquefaction      Hex/Erth       0%         N/A       91%         4
 Petrify                  Tmut/Erth      1%         N/A       91%         4
 Dispersal                Tloc           9%         N/A       95%         6
 Agony                    Necr           1%         N/A       99%         5
 Alistair's Intoxication  Tmut/Pois      0%         N/A       99%         5
 Borgnjor's Vile Clutch   Necr/Erth      0%         N/A       99%         5
 Lee's Rapid Deconstruct  Erth           0%         3d4*      99%         5
 Metabolic Englaciation   Hex/Ice        0%         N/A       99%         5
 Silence                  Hex/Air        0%         N/A       99%         5
 Yara's Violent Unravell  Hex/Tmut       0%         3d3       99%         5
 Conjure Ball Lightning   Conj/Air       5%         3x3d6     100%        6
 Eringya's Noxious Bog    Tmut/Pois      0%         4d6       100%        6
 Leda's Unmaking          Conj/Erth      5%         9d2       100%        6
 Plasma Beam              Fire/Air       0%         2x1d10    100%        6
 Starburst                Conj/Fire      5%         6d4       100%        6
 Enfeeble                 Hex            0%         N/A       100%        7
 Orb of Destruction       Conj           9%         9d6       100%        7
 Ozocubu's Refrigeration  Ice            0%         4d7       100%        7
 Borgnjor's Revivificati  Necr           0%         N/A       100%        8
 Discord                  Hex            0%         N/A       100%        8
 Disjunction              Tloc           9%         N/A       100%        8
 Ignition                 Fire           0%         3d3       100%        8
 Maxwell's Capacitive Co  Air            0%         death     100%        8
 Chain Lightning          Conj/Air       5%         3d6       100%        9
 Death's Door             Necr           0%         N/A       100%        9
 Call Imp                 Summ           Unusable   N/A       N/A         2
 Summon Guardian Golem    Hex/Summ       Unusable   N/A       N/A         3
 Animate Armour           Summ/Erth      Unusable   N/A       N/A         4
 Summon Ice Beast         Ice/Summ       Unusable   N/A       N/A         4
 Summon Lightning Spire   Summ/Air       Unusable   N/A       N/A         4
 Summon Mana Viper        Hex/Summ       Unusable   N/A       N/A         5
 Death Channel            Necr           Unusable   N/A       N/A         6
 Simulacrum               Ice/Necr       Unusable   N/A       N/A         6
 Haunt                    Necr/Summ      Unusable   N/A       N/A         7
 Monstrous Menagerie      Summ           Unusable   N/A       N/A         7
 Summon Hydra             Summ           Unusable   N/A       N/A         7
 Infestation              Necr           Unusable   N/A       N/A         8

Inventory:

Hand Weapons
 a - the +27 heavy crossbow "Sniper" (weapon) {heavy, Acc+∞ SInv, norare}
   (Okawaru gifted it to you on level 3 of the Lair of Beasts)

   Acc+∞: It never misses its target.
   SInv:      It lets you see invisible.
 b - the +1 arbalest "Tynen" {penet, rN+++ Will++ Str+3 Int-3}
   (You bought it in a shop on level 4 of the Vaults)

   Str+3:     It affects your strength (+3).
   Int-3:     It affects your intelligence (-3).
   rN+++:     It renders you almost immune to negative energy.
   Will++:    It greatly increases your willpower.
Missiles
 F - 5 throwing nets
 M - 9 curare-tipped darts
Armour
 d - a +2 cloak of poison resistance (worn)
 h - a +1 hat (worn)
 i - the +3 pair of gauntlets of War (worn) {Slay+5}
   (You found it on level 1 of the Depths)

   Slay+5:    It affects your accuracy & damage with ranged weapons and melee
   (+5).
 o - the +1 pair of boots of Yreleugupn (worn) {rElec Regen+ MP+9 Dex-2}
   (You found it on level 2 of the Vaults)

   Dex-2:     It affects your dexterity (-2).
   rElec:     It insulates you from electricity.
   MP+9:      It affects your magic capacity (+9).
   Regen+:    It increases your rate of health regeneration.
 r - a +2 helmet of intelligence
 L - the +2 cloak of Hyntaub {+Blink rF+}
   (You acquired it on level 1 of the Depths)

   rF+:       It protects you from fire.
   +Blink:    It lets you blink.
 V - +5 steam dragon scales (worn) {nodragon}
 W - the +2 pair of boots "Toth" {rC+ rCorr Stlth+}
   (Okawaru gifted it to you on level 3 of the Lair of Beasts)

   rC+:       It protects you from cold.
   rCorr:     It protects you from acid and corrosion.
   Stlth+:    It makes you more stealthy.
Jewellery
 e - the amulet of Eternal Night (around neck) {Acrobat rF++ Str-4 Dex+4 Stlth+}
   (You found it in a Gauntlet)

   [amulet of the acrobat]

   Acrobat:   It increases your evasion while moving and waiting.
   Str-4:     It affects your strength (-4).
   Dex+4:     It affects your dexterity (+4).
   rF++:      It greatly protects you from fire.
   Stlth+:    It makes you more stealthy.
 s - the ring "Zaovvy" {rPois AC+4 SInv}
   (You took it off a servant of whispers in the Desolation of Salt)

   [ring of protection]

   AC+4:      It affects your AC (+4).
   rPois:     It protects you from poison SInv: It lets you see invisible.
 u - a ring of resist corrosion
 v - a ring of protection from fire
 y - the ring "Vofycu" {rF++ rC+ Will+}
   (You bought it in a shop on level 2 of the Shoals)

   [ring of willpower]

   rF++:      It greatly protects you from fire.
   rC+:       It protects you from cold.
   Will+:     It increases your willpower.
 B - a ring of poison resistance
 C - the ring "Iruezaj" (left hand) {Contam rC+ rCorr Dex+6 SInv}
   (You took it off a merfolk javelineer on level 4 of the Shoals)

   [ring of dexterity]

   Dex+6:     It affects your dexterity (+6).
   rC+:       It protects you from cold.
   SInv:      It lets you see invisible.
   Contam:    It causes magical contamination when unequipped.
   rCorr:     It protects you from acid and corrosion.
 H - a +6 ring of dexterity (right hand)
 K - an amulet of regeneration
 N - the ring "Omotuuq" {rElec AC+4 Int-2 Dex+3}
   (You found it on level 1 of the Depths)

   [ring of protection]

   AC+4:      It affects your AC (+4).
   Int-2:     It affects your intelligence (-2).
   Dex+3:     It affects your dexterity (+3).
   rElec:     It insulates you from electricity.
Wands
 c - a wand of iceblast (33)
 Q - a wand of quicksilver (34)
Scrolls
 n - 3 scrolls of silence {!r}
 t - 26 scrolls of teleportation
 w - 10 scrolls of blinking
 G - 6 scrolls of fear
 I - a scroll of revelation
 J - 16 scrolls of poison
 R - 10 scrolls of fog
Potions
 f - 5 potions of ambrosia
 g - 10 potions of cancellation
 j - 11 potions of mutation {!q}
 k - 7 potions of might
 l - a potion of resistance
 m - 4 potions of brilliance
 p - 7 potions of magic
 x - 2 potions of berserk rage {!q}
 z - 21 potions of curing
 A - 9 potions of haste
 D - 4 potions of invisibility
 E - 9 potions of enlightenment
 U - 15 potions of heal wounds
Miscellaneous
 q - a lightning rod (4/4)


Message History

A reaper comes into view.
It is wielding a +5 scythe of protection.
You shoot a bolt. The bolt hits the reaper!!!
The reaper is almost dead.
You shoot a bolt. The bolt hits the reaper!!!
You kill the reaper!
Okawaru accepts your kill.
(D) Dungeon (T) Temple (L) Lair (A) Shoals (P) Snake Pit (M) Slime Pits (O) Orcish Mines (E) Elven Halls (V) Vaults (C) Crypt (W) Tomb (U) Depths (H) Hell (Z) Zot
Where to? (Tab/Enter - D:5 @ (x,y), ? - help)
There is a stone staircase leading up here.
You climb upwards.
There is a stone staircase leading down here.
There is a stone staircase leading up here.
You climb upwards.
There is a stone staircase leading down here.
There is a stone staircase leading up here.
You climb upwards.
There is a stone staircase leading down here.
A hellephant comes into view.
You can't go up here!
You shoot a bolt. The bolt hits the hellephant!!!!
The hellephant is severely wounded.
You shoot a bolt. The bolt hits the hellephant!!!!
You kill the hellephant!
Okawaru accepts your kill.
There is a stone staircase leading up here.
You climb upwards.
There is a stone staircase leading down here.
You feel yourself speed up.
You open the door.
There is an open door here.
Your legs become a tail as you enter the water.
The +1 pair of boots of Yreleugupn {rElec Regen+ MP+9 Dex-2} melds into your body.
You feel your magic capacity decrease.
The +1 pair of boots of Yreleugupn {rElec Regen+ MP+9 Dex-2} unmelds from your body.
There is an open door here.
There is a staircase leading out of the dungeon here.
You have escaped!

####.##########
#......########
####...##.....#
#.~.##.....#
#.~.##.....#
#.~..'.....#
#.~.##.....#
#...##.....#
#...##..@..#
#.8.##.....#
#...########
#####


There were no monsters in sight!

Vanquished Creatures
  A dread lich (Zot:5)
  4 ancient liches
  6 orbs of fire
  Mara (Elf:3)
  A pandemonium lord (D:12)
  2 juggernauts
  Josephina (Zot:1)
  Xtahua (Vaults:4)
  Frederick (Crypt:3)
  5 Killer Klowns (Zot:5)
  Bai Suzhen (Crypt:3)
  Saint Roka (Elf:3)
  3 curse toes
  A caustic shrike (Depths:2)
  2 profane servitors
  10 golden dragons
  Norris (Elf:3)
  The ghost of Qecvurom the Warrior, an adept DrRe of Fedhas (Vaults:2)
  6 bone dragons
  2 electric golems
  2 Tzitzimimeh
  Rupert (D:14)
  A hellephant (D:2)
  A Hell Sentinel (D:8)
  15 tentacled monstrosities
  An Ice Fiend (D:15)
  A walking crystal tome (Depths:3)
  5 liches
  26 Orb Guardians
  6 titans
  3 deep elf blademasters
  A walking frostbound tome (Depths:1)
  4 quicksilver dragons
  2 deep elf master archers (Elf:3)
  2 ancient champions
  Polyphemus (Shoals:3)
  2 sphinxes
  A tentacled starspawn (Abyss:2)
  6 death cobs
  Frances (D:12)
  Roxanne (D:14)
  8 tengu reavers
  Donald (Shoals:3)
  Aizul (Snake:1)
  Kirke (D:14)
  8 frost giants
  4 shadow dragons
  5 revenants
  10 storm dragons
  6 draconian monks
  16 vault wardens
  Ilsuiw (Shoals:3)
  4 draconian knights
  2 draconian scorchers
  11 deep elf sorcerers
  13 fire giants
  8 nagarajas
  Louise (Snake:4)
  3 ghost moths (Zot:1)
  2 iron dragons
  14 ghouls
  A balrug (Depths:1)
  3 imperial myrmidons (Desolation)
  2 curse skulls (Crypt:3)
  17 very ugly things
  3 deep elf elementalists (Elf:3)
  3 orc warlords
  4 draconian shifters
  An angel (Shoals:4)
  A spriggan defender (Depths:1)
  2 draconian annihilators
  A reaper (D:5)
  A cacodemon (Zot:3)
  3 draconian stormcallers
  2 formless jellyfish
  21 ironbound preservers
  4 vampire knights
  16 ironbound thunderhulks
  6 war gargoyles
  Nessos (Lair:3)
  20 stone giants
  7 green draconians
  An eleionoma (shapeshifter) (Vaults:5)
  8 deep elf annihilators
  12 deep elf demonologists
  A spectral titan (WizLab)
  12 dire elephants
  5 halazid warlocks (WizLab)
  8 purple draconians
  10 black draconians
  6 yellow draconians
  4 spark wasps (Depths:2)
  A minotaur (Gauntlet)
  Azrael (Elf:1)
  A blizzard demon (D:8)
  10 ettins
  9 white draconians
  9 red draconians
  3 crystal guardians
  5 spriggan zombies
  9 eidola
  2 quicksilver dragon zombies
  A mummy priest (Crypt:3)
  8 deep elf death magi
  8 jiangshi
  An entropy weaver (Vaults:3)
  12 fire dragons
  7 ragged hierophants (Desolation)
  11 merfolk impalers
  9 merfolk javelineers (Shoals:4)
  6 deep elf high priests
  12 servants of whispers (Desolation)
  Fannar (Lair:1)
  11 yaktaur captains
  5 ogre magi
  4 great orbs of eyes
  A salamander tyrant (Snake:3)
  40 vault guards
  12 peacekeepers
  11 hydras
  3 spriggan air magi
  3 catoblepae
  An ice dragon (shapeshifter) (Elf:3)
  6 ice dragons
  3 rakshasas
  A jorogumo (shapeshifter) (Vaults:5)
  8 death knights
  20 anacondas
  3 merfolk aquamancers
  2 alligator snapping turtles
  7 centaur warriors
  6 boulder beetles
  8 deep troll earth magi
  16 two-headed ogres
  A merfolk avatar (Shoals:4)
  A satyr (shapeshifter) (Vaults:5)
  10 ironbound frosthearts
  23 dancing weapons
  3 hell hogs
  11 death yaks
  5 deep troll shamans
  21 naga warriors
  A tengu warrior (D:14)
  6 titan zombies
  2 holy swine (Shoals:4)
  12 vampire magi
  9 shock serpents
  3 thrashing horrors (Abyss:2)
  10 naga sharpshooters
  4 orc high priests
  3 soul eaters
  5 spriggan berserkers
  13 hell knights
  A spriggan (Depths:3)
  6 sun demons (Depths:1)
  2 shadow wraiths
  20 deep elf knights
  A skyshark (shapeshifter) (Vaults:5)
  2 titan skeletons
  3 sixfirhies
  A wretched star (Abyss:2)
  Amaemon (Lair:1)
  A storm dragon zombie (Crypt:1)
  6 skysharks
  A spark wasp zombie (Crypt:2)
  A spectral death yak (Lair:5)
  4 iron trolls (Depths:4)
  4 salamander mystics
  7 sea snakes
  An anaconda zombie (Crypt:3)
  25 skeletal warriors
  3 cherubim
  A storm dragon skeleton (Vaults:5)
  A spectral anaconda (Lair:5)
  4 shadow demons (Depths:4)
  7 flayed ghosts
  13 naga ritualists
  11 deep elf archers
  7 wizards
  12 necromancers
  Pikel (D:6)
  57 deep trolls
  A spriggan simulacrum (Crypt:2)
  An anaconda skeleton (Crypt:1)
  5 glowing orange brains
  2 obsidian statues (Zot:4)
  29 phantasmal warriors
  A bog body (Crypt:1)
  27 ironbound convokers
  A swamp dragon (shapeshifter) (Depths:1)
  2 stone giant zombies
  12 lindwurms
  8 orc knights
  A golden dragon skeleton (Vaults:5)
  28 deep elf zephyrmancers
  A wolf spider zombie (WizLab)
  A wolf spider (Crypt:3)
  28 deep elf pyromancers
  A manticore (shapeshifter) (Vaults:5)
  20 harpies
  A wolf spider (shapeshifter) (Elf:3)
  46 ugly things
  15 cyclopes
  5 large abominations (Abyss:2)
  3 spectral spriggans (WizLab)
  3 fauns (Shoals:3)
  2 cyclopes (shapeshifter)
  19 manticores
  A salamander (shapeshifter) (D:15)
  A goliath frog skeleton (Crypt:2)
  4 oklob plants
  22 salamanders
  19 mana vipers
  33 elephants
  6 orc sorcerers
  3 centaur zombies (Crypt:3)
  10 guardian serpents
  30 black mambas
  2 naga zombies
  A titan simulacrum (Vaults:5)
  6 smoke demons
  An eleionoma skeleton (Crypt:2)
  2 dire elephant zombies
  8 merfolk sirens
  A stone giant skeleton (Crypt:1)
  A storm dragon simulacrum (Zot:1)
  7 moths of wrath
  7 water nymphs
  An orange demon (Lair:1)
  29 naga magi
  7 starcursed masses (Abyss:2)
  5 molten gargoyles (Desolation)
  16 vault sentinels
  2 unseen horrors (D:11)
  A dire elephant skeleton (Crypt:2)
  Maggie (D:6)
  4 kobold demonologists
  13 cane toads
  7 freezing wraiths
  3 efreet
  5 rime drakes
  2 tormentors
  3 elves (Elf:1)
  12 komodo dragons
  18 yaktaurs
  3 tengu conjurers (D:15)
  A meliai (shapeshifter) (Elf:3)
  5 trolls
  2 ancient zymes (Abyss:2)
  A guardian mummy (Crypt:3)
  2 red devils
  3 harpy zombies
  3 spectral harpies (WizLab)
  28 merfolk
  Prince Ribbit (Bailey)
  A wolf spider simulacrum (D:12)
  7 polar bears
  A meliai (D:14)
  A hornet (shapeshifter) (D:14)
  A harpy skeleton (Crypt:1)
  Grinder (D:4)
  A guardian serpent zombie (Crypt:2)
  57 saltlings (Desolation)
  A hornet (Depths:3)
  5 raiju
  6 wind drakes
  11 dream sheep
  28 blink frogs
  A dream sheep (shapeshifter) (Vaults:3)
  11 snapping turtles
  3 centaur simulacra
  2 jumping spiders (Crypt:3)
  37 slime creatures
  10 flying skulls (WizLab)
  Sigmund (D:6)
  A slime creature (shapeshifter) (Depths:1)
  A draconian simulacrum (Zot:1)
  An ushabti (Crypt:3)
  42 yaks
  2 ynoxinuls
  2 air elementals
  3 wyverns (Lair:4)
  17 water elementals
  3 shadows
  A dire elephant simulacrum (Lair:5)
  10 wraiths
  A golden eye (shapeshifter) (Elf:3)
  A hog (D:14)
  9 fire elementals
  8 humans
  3 golden eyes (Abyss:2)
  5 vampire mosquitoes (D:14)
  8 basilisks
  Eustachio (D:6)
  A purple draconian simulacrum (Zot:1)
  A black draconian simulacrum (Zot:1)
  A chaos spawn (Abyss:2)
  2 redbacks (shapeshifter)
  9 redbacks
  4 steam dragons
  Menkaure (D:7)
  An alligator snapping turtle simulacrum (Crypt:1)
  61 nagas
  A spectral cane toad (Lair:5)
  6 wargs
  Edmund (D:5)
  Duvessa (D:6)
  14 hell hounds
  A water moccasin (shapeshifter) (Elf:3)
  2 floating eyes
  38 orc warriors
  A moth of wrath simulacrum (Zot:1)
  2 black bears (D:7)
  15 water moccasins
  2 sky beasts
  8 ice beasts
  14 ogres
  An elephant zombie (Lair:5)
  9 wolves
  A wolf (shapeshifter) (Elf:3)
  A boggart (shapeshifter) (Zot:1)
  4 boggarts
  A tengu (shapeshifter) (Elf:3)
  A centaur (shapeshifter) (Vaults:5)
  5 centaurs
  A lemure (D:6)
  6 kobold brigands
  5 small abominations (Abyss:2)
  16 bullfrogs
  3 earth elementals
  15 necrophages
  A cane toad simulacrum (Lair:5)
  3 scorpions
  A deep troll simulacrum (Crypt:2)
  11 wyvern skeletons (Crypt:3)
  A polar bear zombie (Crypt:1)
  Dowan (D:6)
  8 killer bees
  A killer bee (shapeshifter) (Elf:3)
  2 elephant simulacra (Lair:5)
  5 howler monkeys
  9 electric eels
  2 jellies (shapeshifter) (Elf:3)
  A bullfrog zombie (Crypt:2)
  2 hounds (D:7)
  A human simulacrum (Vaults:5)
  9 jellies
  33 orc priests
  A gnoll bouda (D:10)
  An iron imp (Abyss:2)
  A sleepcap (D:7)
  2 black bear skeletons
  3 iguanas
  29 orc wizards
  2 scorpion zombies
  3 lightning spires (Zot:4)
  A boggart simulacrum (D:12)
  A hound skeleton (Crypt:2)
  A mummy (Crypt:3)
  Robin (D:4)
  8 gnolls
  10 adders
  5 shadow imps
  6 white imps
  4 ufetubi
  A worm (D:8)
  97 orcs
  8 ball pythons
  16 endoplasms
  3 giant cockroaches
  27 goblins
  10 hobgoblins
  2 quokkas
  3 training dummies (Depths:1)
  A ball python skeleton (Crypt:1)
  5 bats
  A dart slug zombie (Crypt:1)
  5 frilled lizards
  A goblin zombie (Crypt:1)
  24 kobolds
  8 rats
  A lurking horror (Abyss:2)
  2 starspawn tentacles (Abyss:2)
2635 creatures vanquished.

Vanquished Creatures (others)
  A frost giant (Depths:1)
  A very ugly thing (Depths:2)
  A centaur warrior (D:14)
  An efreet (D:14)
  2 golden eyes (Abyss:2)
  An orc (Orc:1)
  A ball python (D:4)
8 creatures vanquished.

Grand Total: 2643 creatures vanquished

Notes
Turn   | Place    | Note
-------+----------+-------------------------------------------
     0 | D:1      | elliptic the Merfolk Conjurer began the quest for the Orb.
     0 | D:1      | Reached XP level 1. HP: 13/13 MP: 3/3
   247 | D:1      | Found a faded altar of an unknown god.
   357 | D:1      | Reached XP level 2. HP: 19/19 MP: 1/5
   403 | D:1      | Learned a level 2 spell: Searing Ray
  1160 | D:2      | Reached XP level 3. HP: 24/24 MP: 3/6
  2224 | D:3      | Reached XP level 4. HP: 19/30 MP: 1/7
  2627 | D:3      | Found a sacrificial altar of Ru.
  2638 | D:3      | Reached XP level 5. HP: 27/35 MP: 3/8
  2722 | D:3      | Became a worshipper of Ru the Awakened
  3017 | D:4      | hi
  3122 | D:4      | Found Niblear's Distillery.
  3130 | D:4      | Bought a potion of curing for 42 gold pieces
  3130 | D:4      | Bought a potion of haste for 140 gold pieces
  3222 | D:3      | eh
  3529 | D:4      | Identified the +0 helmet "Ecieho" {Int+4}
  3529 | D:4      | Noticed Robin
  3530 | D:4      | hi
  3542 | D:4      | Killed Robin
  3750 | D:4      | Reached XP level 6. HP: 41/41 MP: 5/9
  4043 | D:4      | Noticed Grinder
  4063 | D:4      | okay
  4155 | D:3      | Acquired 982 gold pieces
  4231 | D:4      | Bought a potion of curing for 42 gold pieces
  4231 | D:4      | Bought a potion of lignification for 42 gold pieces
  4231 | D:4      | Bought a potion of mutation for 112 gold pieces
  4231 | D:4      | Bought a potion of brilliance for 56 gold pieces
  4231 | D:4      | Bought a potion of degeneration for 14 gold pieces
  4244 | D:4      | Found a radiant altar of Vehumet.
  4546 | D:5      | Entered Level 5 of the Dungeon
  4590 | D:5      | Found Cys Mus's Armour Shop.
  4595 | D:5      | Found a staircase to the Ecumenical Temple.
  4604 | Temple   | Entered the Ecumenical Temple
  4616 | Temple   | Fell from the grace of Ru
  4616 | Temple   | Became a worshipper of Warmaster Okawaru
  4635 | D:5      | Bought a +0 pair of boots for 54 gold pieces
  4635 | D:5      | Bought a +2 helmet of intelligence for 258 gold pieces
  4659 | D:5      | hm
  4665 | D:5      | Reached skill level 1 in Ranged Weapons
  4760 | D:5      | Noticed Edmund
  4895 | D:5      | Reached skill level 1 in Fighting
  4901 | D:5      | Reached XP level 7. HP: 50/50 MP: 4/10
  4924 | D:5      | Found Zutryqif's Assorted Antiques.
  4932 | D:5      | Bought a scroll of identify for 46 gold pieces
  4932 | D:5      | Bought a scroll of identify for 46 gold pieces
  4932 | D:5      | Bought an emerald potion for 20 gold pieces
  4954 | D:5      | Found Lues's Distillery.
  4959 | D:5      | Found a glowing golden altar of the Shining One.
  5069 | D:5      | Found a stormy altar of Qazlal.
  5088 | D:5      | Reached skill level 3 in Ranged Weapons
  5202 | D:5      | Found a shimmering blue altar of Sif Muna.
  5256 | D:5      | Found Hutig's Book Shop.
  5409 | D:5      | Found a transporter.
  5410 | D:5      | Found Maupniju's Antique Armour Shop.
  5440 | D:5      | Found a transporter.
  5448 | D:5      | Bought a warped leather armour for 154 gold pieces
  5448 | D:5      | Identified the +1 leather armour "Yklobli" {Harm rF+ Dex-5}
                  | (You bought it in a shop on level 5 of the Dungeon)
  5448 | D:5      | Bought a crude robe for 125 gold pieces
  5448 | D:5      | Identified the +4 robe of Orchifeiz {Harm SInv} (You bought
                  | it in a shop on level 5 of the Dungeon)
  5448 | D:5      | eh
  5533 | D:5      | Found a shadowy altar of Dithmenos.
  5814 | D:5      | Reached skill level 3 in Dodging
  6012 | D:6      | Noticed Sigmund
  6012 | D:6      | Noticed Pikel
  6085 | D:6      | ...
  6129 | D:6      | Noticed a steam dragon
  6132 | D:6      | ...
  6166 | D:6      | Reached * piety under Okawaru
  6178 | D:6      | Noticed Maggie
  6188 | D:6      | Killed Maggie
  6189 | D:6      | Reached XP level 8. HP: 40/57 MP: 0/11
  6272 | D:6      | Reached ** piety under Okawaru
  6283 | D:6      | Noticed Eustachio
  6286 | D:6      | Reached skill level 3 in Fighting
  6293 | D:6      | Killed Eustachio
  6345 | D:6      | Identified the +11 spear of Somewhere Else {protect, rC+
                  | Int+5 Dex-2}
  6347 | D:6      | um
  6347 | D:6      | eh
  6363 | D:6      | Noticed Dowan
  6363 | D:6      | Noticed Duvessa
  6405 | D:6      | Killed Duvessa
  6574 | D:7      | Found a flagged portal.
  6591 | D:7      | Learned a level 3 spell: Dazzling Flash
  6620 | Bailey   | Entered a bailey
  6624 | Bailey   | uh
  6624 | Bailey   | I believe this bailey is dangerous and has bad loot but at
                  | least I'm a Mf
  6637 | Bailey   | Reached *** piety under Okawaru
  6648 | Bailey   | like can I even kill those
  6670 | Bailey   | Reached skill level 6 in Dodging
  6670 | Bailey   | Reached XP level 9. HP: 51/65 MP: 8/12
  6813 | Bailey   | Noticed Prince Ribbit
  6820 | Bailey   | Killed Prince Ribbit
  6828 | Bailey   | Noticed a vault guard
  6829 | Bailey   | like how do I do this
  6864 | Bailey   | Killed a vault guard
  6975 | Bailey   | Noticed a vault guard
  6977 | Bailey   | why no loot
  7015 | D:7      | Reached **** piety under Okawaru
  7024 | D:7      | Reached XP level 10. HP: 71/76 MP: 13/13
  7028 | D:7      | Noticed Menkaure
  7042 | D:7      | Killed Menkaure
  7043 | D:7      | Reached skill level 6 in Fighting
  7064 | D:7      | Noticed a cyclops
  7065 | D:7      | uh
  7073 | D:7      | Killed a cyclops
  7074 | D:7      | Reached skill level 9 in Dodging
  7238 | D:7      | Found Foaduamn's Armour Shoppe.
  7707 | D:7      | Found a hide-covered altar of Uskayaw.
  8144 | D:6      | Killed Dowan
  8199 | D:6      | Noticed a cyan ugly thing
  8295 | D:6      | Reached ***** piety under Okawaru
  8341 | D:6      | Killed Sigmund
  8530 | D:8      | Noticed a two-headed ogre
  8612 | D:8      | Identified the +4 ring mail of Yfocowin {Int+4}
  8667 | D:8      | Killed a two-headed ogre
  8738 | D:8      | Noticed Maurice
  8743 | D:8      | Maurice changed into Maurice the worm
  8743 | D:8      | Noticed Maurice
  8744 | D:8      | Killed Maurice the worm
  8832 | D:8      | Gained mutation: You are dopey. (Int -2) [potion of
                  | mutation]
  8832 | D:8      | Gained mutation: You are weak. (Str -2) [potion of
                  | mutation]
  8832 | D:8      | Gained mutation: Your natural rate of healing is unusually
                  | fast. [potion of mutation]
  8832 | D:8      | Gained mutation: You have a pair of small horns on your
                  | head. [potion of mutation]
  8967 | D:8      | Noticed a moth of wrath
  8970 | D:8      | Found a bloodstained altar of Trog.
  9170 | D:8      | Found an ornate altar of the Wu Jian Council.
  9419 | D:9      | Received a gift from Okawaru
  9420 | D:9      | Reached skill level 9 in Ranged Weapons
  9487 | D:8      | Reached XP level 11. HP: 82/84 MP: 14/14
  9676 | D:9      | Noticed a two-headed ogre
  9683 | D:9      | Killed a two-headed ogre
  9714 | D:9      | Found Orphoedwe's Antique Weapon Shoppe.
  9717 | D:9      | Found a staircase to the Lair.
  9928 | D:10     | Entered Level 10 of the Dungeon
 10026 | D:10     | Found a white marble altar of Elyvilon.
 10078 | D:10     | Found an opulent altar of Gozag.
 10319 | D:10     | Noticed a two-headed ogre
 10325 | D:10     | Killed a two-headed ogre
 10448 | D:10     | Identified the +0 robe of the Eight Boll Weevils {Regen+}
 10455 | D:10     | Found a burning altar of Makhleb.
 10535 | D:10     | Found a blossoming altar of Fedhas.
 10596 | D:11     | Noticed a cyclops
 10601 | D:11     | Killed a cyclops
 10602 | D:11     | Reached skill level 6 in Invocations
 10614 | D:11     | Received a gift from Okawaru
 10667 | D:11     | Noticed a manticore
 10680 | D:11     | Killed a manticore
 10722 | D:11     | Noticed a sun demon
 10909 | D:11     | Noticed a two-headed ogre
 10918 | D:11     | Killed a two-headed ogre
 10918 | D:11     | Received a gift from Okawaru
 10991 | D:11     | Noticed a cyclops
 11000 | D:11     | Killed a cyclops
 11130 | D:11     | Noticed a red ugly thing
 11140 | D:11     | Killed a red ugly thing
 11329 | D:11     | Noticed Sonja
 11331 | D:11     | Sonja changed into Sonja the raiju
 11331 | D:11     | Noticed Sonja
 11345 | D:11     | Killed Sonja the raiju
 11576 | Lair:1   | Entered Level 1 of the Lair of Beasts
 11576 | Lair:1   | Found a hazy altar of Hepliaklqana.
 11597 | Lair:1   | Noticed Amaemon
 11598 | Lair:1   | hi
 11643 | Lair:1   | Found a gate leading to a gauntlet.
 11655 | Lair:1   | Reached XP level 12. HP: 94/94 MP: 18/18
 11660 | Gauntlet | Entered a Gauntlet
 11660 | Gauntlet | Found a runed translucent door.
 11660 | Gauntlet | Found a transporter.
 11660 | Gauntlet | Found a runed translucent door.
 11660 | Gauntlet | Found a transporter.
 11665 | Gauntlet | Noticed a soul eater
 11666 | Gauntlet | Found a transporter.
 11678 | Gauntlet | Found a transporter.
 11691 | Gauntlet | Noticed a soul eater
 11695 | Gauntlet | Found a transporter.
 11695 | Gauntlet | Found a transporter.
 11697 | Gauntlet | Found a transporter.
 11697 | Gauntlet | Found a transporter.
 11699 | Gauntlet | Found a transporter.
 11711 | Gauntlet | Found a transporter.
 11723 | Gauntlet | Found a runed translucent gate.
 11724 | Gauntlet | Found a transporter.
 11724 | Gauntlet | Found a runed translucent gate.
 11725 | Gauntlet | Found a runed translucent gate.
 11732 | Gauntlet | Found a runed translucent door.
 11734 | Gauntlet | Found a transporter.
 11736 | Gauntlet | Found a runed translucent door.
 11748 | Gauntlet | Found a transporter.
 11767 | Gauntlet | Found a transporter.
 11929 | Gauntlet | hm
 11939 | Gauntlet | Received a gift from Okawaru
 11959 | Gauntlet | Identified the amulet of Eternal Night {Acrobat rF++ Str-4
                  | Dex+4 Stlth+}
 11977 | Gauntlet | Noticed a minotaur
 11988 | Gauntlet | Killed a minotaur
 11989 | Gauntlet | Reached skill level 9 in Fighting
 12004 | Lair:1   | why
 12014 | Lair:1   | Reached skill level 12 in Dodging
 12114 | Lair:1   | Noticed Fannar
 12124 | Lair:1   | Killed Fannar
 12306 | Lair:1   | Killed Amaemon
 12984 | Lair:2   | Received a gift from Okawaru
 13128 | Lair:2   | Reached skill level 1 in Armour
 13176 | Lair:2   | Reached XP level 13. HP: 103/103 MP: 19/19
 13195 | Lair:2   | Received a gift from Okawaru
 13405 | Lair:2   | Reached skill level 12 in Ranged Weapons
 13816 | Lair:3   | Noticed Nessos
 13828 | Lair:3   | Killed Nessos
 13828 | Lair:3   | Received a gift from Okawaru
 14072 | Lair:3   | Reached ****** piety under Okawaru
 14075 | Lair:3   | Acquired the +27 heavy crossbow "Sniper" {heavy, Acc+∞
                  | SInv}
 14075 | Lair:3   | Received a gift from Okawaru
 14075 | Lair:3   | Found the +27 heavy crossbow "Sniper" {heavy, Acc+∞ SInv}
 14079 | Lair:3   | Acquired the +2 pair of boots "Toth" {rC+ rCorr Stlth+}
 14079 | Lair:3   | Received a gift from Okawaru
 14170 | Lair:3   | Found a staircase to the Shoals.
 14268 | Lair:3   | Found a staircase to the Snake Pit.
 14946 | Lair:4   | Received a gift from Okawaru
 14993 | Lair:4   | Found a runed translucent door.
 15457 | Lair:4   | Reached XP level 14. HP: 114/114 MP: 20/20
 15498 | Lair:4   | Reached skill level 12 in Fighting
 15500 | Lair:4   | Reached skill level 15 in Dodging
 15503 | Lair:4   | Received a gift from Okawaru
 15567 | Lair:4   | Identified the +9 scale mail "Socatuluca" {rPois rF+ rC-
                  | Stlth+}
 16101 | Lair:5   | Entered Level 5 of the Lair of Beasts
 16148 | Lair:5   | Received a gift from Okawaru
 16363 | Lair:5   | Noticed a dire elephant
 16363 | Lair:5   | Noticed a dire elephant
 16363 | Lair:5   | Noticed a dire elephant
 16363 | Lair:5   | Noticed a dire elephant
 16403 | Lair:5   | Identified the +0 robe of the Raven {Rampage rF++ Int-3}
 16424 | Lair:5   | Found a viscous altar of Jiyva.
 16436 | Lair:5   | Found a staircase to the Slime Pits.
 16550 | Lair:5   | Received a gift from Okawaru
 16943 | Lair:5   | Reached XP level 15. HP: 123/123 MP: 21/21
 17122 | Lair:5   | Received a gift from Okawaru
 17123 | Lair:5   | Reached skill level 15 in Ranged Weapons
 17131 | Lair:5   | Identified the +10 falchion of the Pure Planets {vamp,
                  | Int+2}
 17339 | D:6      | Killed Pikel
 17551 | D:5      | Killed Edmund
 17690 | D:4      | Killed Grinder
 17959 | D:12     | Noticed Frances
 17962 | D:12     | Killed Frances
 18095 | D:12     | Identified the +6 long sword "Buamp" {spect, rPois rC+
                  | Dex-5}
 18106 | D:12     | Found a staircase to the Orcish Mines.
 18106 | D:12     | Found Canahajo's Weapon Shop.
 18310 | D:12     | Reached skill level 18 in Dodging
 18394 | Orc:1    | Entered Level 1 of the Orcish Mines
 18535 | Orc:1    | Noticed an orc warlord
 18553 | Orc:1    | Killed an orc warlord
 18744 | Orc:2    | Entered Level 2 of the Orcish Mines
 18752 | Orc:2    | Found Dusuano's Antique Weapon Shop.
 18759 | Orc:2    | Found Ituor's Jewellery Emporium.
 18768 | Orc:2    | Found Ygom Pui's Antique Armour Shop.
 18772 | Orc:2    | Received a gift from Okawaru
 18778 | Orc:2    | Bought a runed hat for 161 gold pieces
 18787 | Orc:2    | Found Xofoudd's Book Shoppe.
 18849 | Orc:2    | Found a dark tunnel.
 18857 | Volcano  | Entered a volcano
 19248 | Orc:2    | Noticed an orc warlord
 19253 | Orc:2    | Killed an orc warlord
 19634 | Orc:2    | Found a staircase to the Elven Halls.
 19812 | Orc:2    | Reached XP level 16. HP: 131/131 MP: 22/22
 19848 | Orc:2    | Found Vimm's General Store.
 19849 | Orc:2    | Found Xeiz Haiko's Jewellery Shop.
 19851 | Orc:2    | Found Athud's Antique Armour Shop.
 19851 | Orc:2    | Found Hogept's Antique Weapon Boutique.
 19912 | Orc:2    | Bought a scroll of acquirement for 780 gold pieces
 19913 | Orc:2    | Bought a scroll of teleportation for 45 gold pieces
 19913 | Orc:2    | Bought a potion of heal wounds for 75 gold pieces
 20167 | D:13     | Received a gift from Okawaru
 20481 | D:13     | Found a gate to the Vaults.
 20923 | D:14     | Noticed Rupert
 20943 | D:14     | Received a gift from Okawaru
 20950 | D:14     | Reached skill level 3 in Armour
 20953 | D:14     | Killed Rupert
 20978 | D:14     | Noticed Roxanne
 20986 | D:14     | Killed Roxanne
 21040 | D:14     | Noticed Kirke
 21044 | D:14     | Killed Kirke
 21044 | D:14     | Received a gift from Okawaru
 21351 | D:14     | Received a gift from Okawaru
 21555 | D:15     | Entered Level 15 of the Dungeon
 21776 | D:15     | Found Wupublet's General Store.
 22092 | D:15     | Received a gift from Okawaru
 22093 | D:15     | Reached XP level 17. HP: 140/140 MP: 23/23
 22109 | D:15     | Found a staircase to the Depths.
 22220 | D:15     | Paralysed by an ogre mage for 4 turns
 22230 | D:15     | Paralysed by an ogre mage for 2 turns
 22375 | D:15     | Reached skill level 15 in Fighting
 22743 | Snake:1  | Entered Level 1 of the Snake Pit
 22866 | Snake:1  | Received a gift from Okawaru
 22897 | Snake:1  | Noticed Aizul
 22903 | Snake:1  | Killed Aizul
 23010 | Snake:1  | Identified the +3 mace of a wizard's laboratory {flame,
                  | Will+ SInv}
 23440 | Snake:2  | Received a gift from Okawaru
 23501 | Snake:1  | Reached skill level 18 in Ranged Weapons
 24052 | Snake:2  | Received a gift from Okawaru
 24433 | Snake:3  | Reached XP level 18. HP: 144/151 MP: 18/24
 24469 | Snake:3  | Reached skill level 21 in Dodging
 24516 | Snake:3  | Received a gift from Okawaru
 24594 | Snake:3  | Found Jiviw's Antique Armour Boutique.
 24594 | Snake:3  | Found Siubaos's Antique Armour Shop.
 24596 | Snake:3  | Found Yxog's Assorted Antiques.
 24598 | Snake:3  | Found Eten's Magic Scroll Boutique.
 24609 | Snake:3  | Bought a silken robe for 239 gold pieces
 24609 | Snake:3  | Identified the +0 robe of Baraiw {rC- rN++ Will+++ Str+3}
                  | (You bought it in a shop on level 3 of the Snake Pit)
 24615 | Snake:3  | Bought a scroll of teleportation for 30 gold pieces
 24615 | Snake:3  | Bought a scroll of blinking for 75 gold pieces
 24758 | Snake:3  | Reached skill level 9 in Invocations
 24968 | Snake:4  | Entered Level 4 of the Snake Pit
 24986 | Snake:4  | Received a gift from Okawaru
 25027 | Snake:4  | Identified the +6 quarterstaff of Valiance {heavy, +Blink
                  | rC++ Str-2 Stlth+}
 25096 | Snake:4  | hi
 25190 | Snake:4  | Noticed Louise
 25194 | Snake:4  | Killed Louise
 25288 | Snake:4  | Received a gift from Okawaru
 25735 | Snake:4  | Reached XP level 19. HP: 159/159 MP: 26/26
 25900 | Snake:4  | Got a serpentine rune of Zot
 26216 | Shoals:1 | Entered Level 1 of the Shoals
 26235 | Shoals:1 | Received a gift from Okawaru
 26475 | Shoals:1 | Identified the +4 dagger of Recklessness {freeze, Int+4
                  | Dex+2}
 26870 | Shoals:2 | Found Burghy's Jewellery Boutique.
 26884 | Shoals:2 | Found Karixkajeh's Antique Armour Shop.
 27122 | Shoals:2 | Found Azxosiu's Jewellery Boutique.
 27258 | Shoals:2 | Found Huxt's Magic Scroll Shoppe.
 27267 | Shoals:2 | Bought a scroll of teleportation for 51 gold pieces
 27454 | Shoals:2 | Bought a pair of glowing gloves for 255 gold pieces
 27455 | Shoals:2 | Bought a pair of runed gloves for 255 gold pieces
 27735 | Shoals:3 | Noticed Polyphemus
 27742 | Shoals:3 | Killed Polyphemus
 27742 | Shoals:3 | Received a gift from Okawaru
 27757 | Shoals:3 | Found Suolafe's Antique Weapon Shoppe.
 27811 | Shoals:3 | Found Tareupha's Magic Scroll Boutique.
 27820 | Shoals:3 | Bought a scroll of teleportation for 42 gold pieces
 27820 | Shoals:3 | Bought a scroll of blinking for 105 gold pieces
 27849 | Shoals:3 | Noticed Donald
 27850 | Shoals:3 | Killed Donald
 27855 | Shoals:3 | Noticed Ilsuiw
 27860 | Shoals:3 | Killed Ilsuiw
 28124 | Shoals:4 | Entered Level 4 of the Shoals
 28182 | Shoals:4 | Received a gift from Okawaru
 28349 | Shoals:4 | Found a white marble altar of Elyvilon.
 28577 | Shoals:4 | Reached skill level 18 in Fighting
 28580 | Shoals:4 | Reached XP level 20. HP: 159/170 MP: 22/27
 28597 | Shoals:4 | Found a glowing silver altar of Zin.
 28747 | Shoals:4 | Got a barnacled rune of Zot
 28789 | Shoals:4 | Found a glowing golden altar of the Shining One.
 28798 | Shoals:4 | Identified the ring "Iruezaj" {Contam rC+ rCorr Dex+6 SInv}
 28799 | Shoals:4 | Reached skill level 6 in Armour
 28843 | Shoals:4 | Identified the +6 falchion of Causality {flame, Will+}
 29129 | Elf:1    | Entered Level 1 of the Elven Halls
 29307 | Elf:1    | Found an ornate altar of the Wu Jian Council.
 29307 | Elf:1    | Found a transporter.
 29319 | Elf:1    | Found a transporter.
 29324 | Elf:1    | Found a transporter.
 29427 | Elf:1    | Received a gift from Okawaru
 29442 | Elf:1    | Found a transporter.
 29452 | Elf:1    | Found an ornate altar of the Wu Jian Council.
 29456 | Elf:1    | Noticed Azrael
 29458 | Elf:1    | Killed Azrael
 29658 | Elf:1    | Got a faded book
 29777 | Abyss:2  | Cast into level 2 of the Abyss (a deep elf demonologist)
 29778 | Abyss:2  | fine
 29782 | Abyss:2  | I guess wretched star could -str mut me, but whatever
 29829 | Abyss:2  | Noticed a bone dragon
 29837 | Abyss:2  | Killed a bone dragon
 29840 | Abyss:2  | Received a gift from Okawaru
 29921 | Abyss:2  | Noticed a profane servitor
 29925 | Abyss:2  | hm
 29926 | Abyss:2  | Killed a profane servitor
 30080 | Abyss:2  | Noticed a bone dragon
 30082 | Abyss:2  | Killed a bone dragon
 30083 | Abyss:2  | Reached skill level 21 in Ranged Weapons
 30097 | Abyss:2  | Found a corrupted altar of Lugonu.
 30097 | Abyss:2  | Found a corrupted altar of Lugonu.
 30097 | Abyss:2  | Found a corrupted altar of Lugonu.
 30126 | Abyss:2  | Found a corrupted altar of Lugonu.
 30143 | Abyss:2  | ...
 30161 | Abyss:2  | Found a corrupted altar of Lugonu.
 30180 | Elf:1    | Escaped the Abyss
 30397 | Elf:1    | what
 30515 | Elf:2    | Found Zits's Magic Scroll Emporium.
 30528 | Elf:2    | Received a gift from Okawaru
 30546 | Elf:2    | Bought a scroll of blinking for 82 gold pieces
 30595 | Elf:2    | Found Kyblies's Magic Scroll Emporium.
 30712 | Elf:2    | Found Jojumiut's Magic Scroll Emporium.
 30772 | Elf:2    | Found a runed translucent gate.
 30774 | Elf:2    | Found a runed translucent gate.
 30774 | Elf:2    | Found a runed translucent gate.
 30791 | Elf:2    | Reached XP level 21. HP: 180/180 MP: 28/28
 30852 | Elf:2    | Found Pophaics's Magic Scroll Boutique.
 30951 | Elf:2    | Received a gift from Okawaru
 31269 | Elf:3    | Entered Level 3 of the Elven Halls
 31601 | Elf:3    | Noticed Norris
 31606 | Elf:3    | Killed Norris
 31606 | Elf:3    | Received a gift from Okawaru
 31672 | Elf:3    | Noticed Saint Roka
 31685 | Elf:3    | Killed Saint Roka
 31750 | Elf:3    | Found Wyperche's Armour Emporium.
 31865 | Elf:3    | Noticed Mara
 31869 | Elf:3    | Killed Mara
 32348 | Elf:3    | Received a gift from Okawaru
 32373 | Elf:3    | Identified the +5 mace of Fimakita {heavy, rElec Int+3
                  | SInv}
 32400 | Elf:3    | Got a shiny book
 32409 | Elf:3    | Identified the +4 sling of the Shore {elec, +Blink Will-
                  | rCorr SInv}
 32465 | Elf:3    | Got a sooty book
 32636 | Elf:2    | Bought a scroll of blinking for 127 gold pieces
 32636 | Elf:2    | Bought a scroll of acquirement for 884 gold pieces
 32636 | Elf:2    | Acquired the ring "Utavy" {rElec rN+ Str+3 Int+6}
 32638 | Elf:2    | Acquired 1026 gold pieces
 32642 | Elf:2    | Bought a scroll of teleportation for 51 gold pieces
 32642 | Elf:2    | Bought a scroll of enchant armour for 127 gold pieces
 32671 | Elf:2    | Bought a scroll of blinking for 105 gold pieces
 32727 | Elf:2    | Bought a scroll of blinking for 120 gold pieces
 32878 | Vaults:1 | Entered Level 1 of the Vaults
 32913 | Vaults:1 | Found a crumbling gateway.
 32920 | Desolati | Entered the Desolation of Salt
 33114 | Desolati | ow
 33122 | Desolati | Reached skill level 21 in Fighting
 33128 | Desolati | Reached XP level 22. HP: 89/194 MP: 29/29
 33300 | Desolati | Received a gift from Okawaru
 33535 | Desolati | Identified the ring "Zaovvy" {rPois AC+4 SInv}
 33577 | Desolati | Got a murmuring book
 33652 | Desolati | Got a grimy book
 33666 | Desolati | Identified the +5 morningstar of Kaucusk {heavy, *Corrode
                  | rElec rN+++ Str+7}
 33706 | Desolati | Got a whispering book
 33711 | Desolati | Got a grimy book
 33716 | Desolati | Identified the +1 leather armour of Spite {rPois rF++
                  | Int+2}
 33721 | Desolati | Found the crystal ball of Wucad Mu {*channel}
 33726 | Desolati | Got a lithographed book
 33807 | Vaults:1 | Found a transporter.
 33845 | Vaults:1 | Found a transporter.
 33929 | Vaults:1 | Received a gift from Okawaru
 34243 | Vaults:1 | Found Vyitio's Distillery.
 34252 | Vaults:1 | Bought a potion of heal wounds for 80 gold pieces
 34252 | Vaults:1 | Bought a potion of heal wounds for 80 gold pieces
 34882 | Vaults:1 | Identified the ring of the Lily {rN+ EV+5 Dex-5 Stlth+}
 34900 | Vaults:1 | Identified the ring of Jesyt {rF- rCorr Str+3 Dex+2 Stlth+}
 34994 | Vaults:2 | Reached skill level 12 in Invocations
 35230 | Vaults:2 | Found a staircase to the Crypt.
 35460 | Vaults:2 | Received a gift from Okawaru
 35531 | Vaults:2 | Found a runed translucent gate.
 35531 | Vaults:2 | Found a runed translucent gate.
 35531 | Vaults:2 | Found a runed translucent gate.
 35616 | Vaults:2 | Reached XP level 23. HP: 206/206 MP: 32/32
 35866 | Vaults:2 | Received a gift from Okawaru
 35952 | Vaults:2 | Noticed Qecvurom's ghost (adept DrRe)
 35960 | Vaults:2 | um
 36008 | Vaults:2 | Killed Qecvurom's ghost
 36028 | Vaults:2 | Paralysed by a great orb of eyes for 4 turns
 36032 | Vaults:2 | what
 36047 | Vaults:2 | Reached skill level 24 in Fighting
 36091 | Vaults:2 | Identified the +1 pair of boots of Yreleugupn {rElec Regen+
                  | MP+9 Dex-2}
 36149 | Vaults:3 | Acquired 829 gold pieces
 36399 | Vaults:3 | Reached skill level 9 in Armour
 36448 | Vaults:3 | Found Ecynu's Book Shop.
 36514 | Vaults:3 | Received a gift from Okawaru
 36882 | Vaults:4 | Noticed Xtahua
 36884 | Vaults:4 | Killed Xtahua
 36892 | Vaults:4 | Found Ponabeale's Weapon Boutique.
 36898 | Vaults:4 | Bought the +1 arbalest "Tynen" {penet, rN+++ Will++ Str+3
                  | Int-3} for 989 gold pieces
 37179 | Vaults:4 | Received a gift from Okawaru
 37956 | Vaults:4 | Found Risoheh's Antique Armour Boutique.
 37956 | Vaults:4 | Found Buxya's Antique Armour Emporium.
 38130 | Crypt:1  | Entered Level 1 of the Crypt
 38140 | Vaults:2 | Reached XP level 24. HP: 126/223 MP: 32/32
 38277 | Crypt:1  | Received a gift from Okawaru
 39002 | Crypt:2  | Found a magical portal.
 39005 | WizLab   | Entered Borgnjor's Mausoleum
 39037 | WizLab   | Reached skill level 27 in Fighting
 39040 | WizLab   | Learned a level 2 spell: Blink
 39065 | WizLab   | Received a gift from Okawaru
 39068 | WizLab   | Reached skill level 1 in Translocations
 39090 | WizLab   | Reached skill level 3 in Translocations
 39253 | WizLab   | Got a blackened book
 39692 | Crypt:3  | Entered Level 3 of the Crypt
 39810 | Crypt:3  | Noticed Frederick
 39814 | Crypt:3  | Killed Frederick
 39833 | Crypt:3  | Noticed Bai Suzhen
 39837 | Crypt:3  | Killed Bai Suzhen
 39837 | Crypt:3  | Received a gift from Okawaru
 39838 | Crypt:3  | Reached skill level 6 in Translocations
 39871 | Crypt:3  | Identified the +0 leather armour "Holav" {Will+ Int+3}
 40021 | Crypt:3  | Found a basalt altar of Yredelemnul.
 40126 | Crypt:3  | Identified the +2 leather armour of Meusmar {-Tele rF+ rC+
                  | Dex+8}
 40126 | Crypt:3  | Identified the ring "Onlulomi" {*Slow AC+4 Str+3}
 40134 | Crypt:3  | HP: 45/226 [??? (42)]
 40135 | Crypt:3  | ow
 40267 | Crypt:3  | Got a foxed book
 40372 | Crypt:3  | Reached XP level 25. HP: 234/234 MP: 33/33
 40432 | Crypt:3  | Received a gift from Okawaru
 40591 | Crypt:3  | Reached skill level 15 in Invocations
 40874 | Crypt:3  | Found a staircase to the Tomb.
 41398 | Crypt:3  | Got a sooty book
 41697 | Depths:1 | Entered Level 1 of the Depths
 41798 | Depths:1 | Received a gift from Okawaru
 41848 | Depths:1 | Acquired the +2 cloak of Hyntaub {+Blink rF+}
 41918 | Depths:1 | Found Haekhlesh's Firing Range.
 42076 | Depths:1 | Found a gateway to Hell.
 42193 | Depths:1 | Identified the ring "Omotuuq" {rElec AC+4 Int-2 Dex+3}
 42317 | Depths:1 | Found a runed translucent door.
 42401 | Depths:1 | Found the +3 pair of gauntlets of War {Slay+5}
 42425 | Depths:1 | Identified the +8 hand axe of Ciut {protect, rPois Int-2
                  | SInv Stlth-}
 42660 | Depths:1 | Acquired a manual of Invocations
 42856 | Depths:2 | Received a gift from Okawaru
 42925 | Depths:2 | Noticed a juggernaut
 42929 | Depths:2 | Killed a juggernaut
 43056 | Depths:2 | Found a one-way gate leading to the halls of Pandemonium.
 43232 | Depths:2 | Found Bimunolu's General Store.
 43234 | Depths:4 | Entered Level 4 of the Depths
 43273 | Depths:4 | Found a flickering gateway to a bazaar.
 43285 | Bazaar   | Entered a bazaar
 43285 | Bazaar   | Found Lehehed's Antique Weapon Shop.
 43295 | Bazaar   | Found Edon Efag's Weapon Boutique.
 43308 | Bazaar   | Found Niciamil's Magic Scroll Shoppe.
 43318 | Bazaar   | Found Nohemad's Jewellery Shop.
 43338 | Bazaar   | Bought a scroll of teleportation for 45 gold pieces
 43338 | Bazaar   | Bought a scroll of blinking for 112 gold pieces
 43338 | Bazaar   | Bought a scroll of teleportation for 45 gold pieces
 43338 | Bazaar   | Bought a scroll of teleportation for 45 gold pieces
 43352 | Depths:4 | Received a gift from Okawaru
 43412 | Depths:4 | Reached skill level 24 in Ranged Weapons
 43502 | Depths:4 | Reached XP level 26. HP: 242/242 MP: 34/34
 43638 | Depths:4 | Found a one-way gate to the infinite horrors of the Abyss.
 43850 | Depths:4 | Found a gate to the Realm of Zot.
 43910 | Depths:4 | Received a gift from Okawaru
 44259 | Depths:3 | Noticed a juggernaut
 44262 | Depths:3 | Killed a juggernaut
 44288 | Depths:3 | Received a gift from Okawaru
 44377 | Depths:3 | Found a one-way gateway to a ziggurat.
 44465 | Depths:3 | Found a broken altar of Ashenzari.
 44801 | Depths:2 | Found a shimmering blue altar of Sif Muna.
 45018 | Depths:2 | Bought a scroll of teleportation for 51 gold pieces
 45656 | Vaults:5 | Entered Level 5 of the Vaults
 45724 | Vaults:5 | Received a gift from Okawaru
 46001 | Vaults:5 | Identified the staff of Gallantry {rPois rN+ Int+2 Poison}
 46005 | Vaults:5 | Identified the ring "Rucvem" {rElec rN+ Str+6 Int+3}
 46010 | Vaults:5 | what
 46036 | Vaults:5 | Received a gift from Okawaru
 46093 | Vaults:5 | Identified the +5 plate armour of Kuleri {MP+9}
 46145 | Vaults:5 | Got a silver rune of Zot
 46164 | Vaults:5 | Identified the +0 trident of Valiance {freeze, rElec rF+
                  | rC+++ Stlth-}
 46166 | Vaults:5 | Noticed an ancient lich
 46172 | Vaults:5 | Killed an ancient lich
 46173 | Vaults:5 | Reached XP level 27. HP: 247/249 MP: 34/34
 46261 | Vaults:5 | Noticed an ancient lich
 46264 | Vaults:5 | Killed an ancient lich
 46277 | Vaults:5 | Found Uteibar's Book Emporium.
 46506 | Vaults:5 | Received a gift from Okawaru
 46544 | Vaults:5 | Identified the ring of the Feral Lime {rElec Int+6 Dex+3
                  | Stlth+}
 46627 | Vaults:5 | Identified the +10 plate armour of the Evening Star {Fly}
 46854 | Vaults:1 | Bought a potion of haste for 160 gold pieces
 46854 | Vaults:1 | Bought a potion of curing for 48 gold pieces
 46854 | Vaults:1 | Bought a potion of invisibility for 128 gold pieces
 46854 | Vaults:1 | Bought a potion of enlightenment for 80 gold pieces
 46854 | Vaults:1 | Bought a potion of curing for 48 gold pieces
 47032 | D:5      | Bought a potion of haste for 120 gold pieces
 47032 | D:5      | Bought 2 potions of ambrosia for 192 gold pieces
 47032 | D:5      | Bought a potion of enlightenment for 60 gold pieces
 47103 | D:4      | Bought a potion of magic for 112 gold pieces
 47287 | Shoals:2 | Bought the ring "Vofycu" {rF++ rC+ Will+} for 1073 gold
                  | pieces
 47547 | Elf:2    | Bought a scroll of revelation for 105 gold pieces
 47603 | Elf:2    | Bought a scroll of revelation for 120 gold pieces
 47631 | Elf:2    | Bought a scroll of revelation for 127 gold pieces
 47953 | Zot:1    | Entered Level 1 of the Realm of Zot
 47954 | Zot:1    | Noticed an electric golem
 47959 | Zot:1    | Killed an electric golem
 47982 | Zot:1    | Identified the +0 helmet of the Transparent God {Str+5}
 47997 | Zot:1    | Got a worn book
 48007 | Zot:1    | Got a tattered book
 48040 | Zot:1    | Reached skill level 27 in Ranged Weapons
 48049 | Zot:1    | Identified the ring "Viukhen" {Ice Int+2}
 48049 | Zot:1    | Noticed Josephina
 48062 | Zot:1    | Killed Josephina
 48070 | Zot:1    | Received a gift from Okawaru
 48145 | Zot:1    | Noticed an orb of fire
 48146 | Zot:1    | Reached skill level 18 in Invocations
 48151 | Zot:1    | Killed an orb of fire
 48191 | Zot:1    | Received a gift from Okawaru
 48458 | Zot:4    | Reached skill level 24 in Dodging
 48458 | Zot:4    | Received a gift from Okawaru
 48515 | Zot:5    | Entered Level 5 of the Realm of Zot
 48852 | Zot:5    | Noticed an ancient lich
 48855 | Zot:5    | Killed an ancient lich
 48858 | Zot:5    | Noticed a dread lich
 48864 | Zot:5    | Killed a dread lich
 48877 | Zot:5    | Noticed an orb of fire
 48881 | Zot:5    | Killed an orb of fire
 48881 | Zot:5    | Received a gift from Okawaru
 48886 | Zot:5    | Noticed an orb of fire
 48888 | Zot:5    | Killed an orb of fire
 48890 | Zot:5    | Noticed an ancient lich
 48891 | Zot:5    | Killed an ancient lich
 48894 | Zot:5    | Noticed an orb of fire
 48896 | Zot:5    | Noticed an electric golem
 48896 | Zot:5    | Gained mutation: You occasionally lose the ability to drink
                  | potions when taking damage. [an orb of fire]
 48897 | Zot:5    | Killed an orb of fire
 48903 | Zot:5    | Killed an electric golem
 48907 | Zot:5    | Reached skill level 27 in Dodging
 48946 | Zot:5    | Got the Orb of Zot
 48962 | Zot:5    | Received a gift from Okawaru
 48966 | Zot:5    | Noticed an orb of fire
 48968 | Zot:5    | Gained mutation: You are very weak. (Str -4) [an orb of
                  | fire]
 48969 | Zot:5    | Killed an orb of fire
 48984 | Zot:5    | Noticed an orb of fire
 48989 | Zot:5    | Killed an orb of fire
 48992 | Zot:5    | Noticed Qufywkar the pandemonium lord
 49196 | Depths:1 | Received a gift from Okawaru
 49324 | D:12     | Noticed Riumur the pandemonium lord
 49329 | D:12     | Killed Riumur the pandemonium lord
 49587 | D:$      | Escaped with the Orb!

Levels and vault maps discovered:
D:1:      dpeg_arrival_rooms_c, layout_basic, hellmonk_ecumenical_altar_run_dry
D:2:      layout_basic, solitary_fountain, chequers_big_river
D:3:      layout_basic, nicolae_ru_great_annihilating_truth,
          kennysheep_decorative_pillar
D:4:      corexii_shack_village, layout_rooms, fiery_altar_vehumet,
          serial_shops, nicolae_diamond_shop, minmay_misc_feat_alley,
          minivault_11, kennysheep_opposing_triangles, uniq_grinder, uniq_robin
D:5:      nicolae_cairo_tiling_large_dashed, layout_layer_cave,
          grunt_qazlal_clouds, nicolae_dithmenos_the_darkroom,
          mainiacjoe_overflow_chevrons, mainiacjoe_overflow_tiny_flanked,
          serial_shops, nicolae_shop_back_alley_shop, nicolae_shop_dealshenge,
          shop_fountains, shop, nicolae_shop_drivethru, uniq_edmund
D:6:      cheibrodos_two_vegetables, layout_rooms, supply_closet_lemuel,
          minmay_microvault, uniq_duvessa, uniq_sigmund, uniq_eustachio,
          uniq_maggie, uniq_pikel
D:7:      minmay_recursive_quarters, layout_basic,
          eat_drink_and_be_merry_uskayaw, enter_bailey_7, serial_shops,
          nicolae_shop_advertising_works [nicolae_subvault_shop_adworks],
          uniq_menkaure
D:8:      layout_basic, tgw_trog, mainiacjoe_overflow_six_doors_small,
          uniq_maurice
D:9:      layout_rooms, lair_entry_dummy, serial_shops, shop,
          nicolae_two_hexagons
D:10:     layout_roguey, nicolae_overflow_hidden_temple,
          nicolae_gozag_seed_capital, lemuel_coloured_pillars_altar,
          elyvilon_altar_1
D:11:     layout_stronghold, uniq_sonja
D:12:     layout_rooms, orc_david_3, serial_ice, serial_ice_b, serial_ice_f,
          serial_ice_h, serial_ice_c, serial_ice_k, serial_ice_o, serial_ice_e,
          serial_ice_a, uniq_frances
D:13:     layout_long_grid, erik_vaults_2
D:14:     layout_loops_ring, minmay_misc_feat_more_columns, onia_ninara_cookie,
          uniq_kirke, uniq_rupert, uniq_roxanne
D:15:     hellmonk_depths_entry_around_the_bend, layout_basic, serial_shops,
          shop, serial_bayou_pond_e, grunt_ministairs_3
Temple:   hellmonk_temple_rainy
Lair:1:   layout_regular_city, gauntlet_entry_generic, basic_altar,
          st_stairs_13, patterned_corridor, uniq_amaemon, uniq_fannar
Lair:2:   layout_chaotic_city, grunt_megastairs_1
Lair:3:   lemuel_slime, layout_cave_pods, elwin_shoals_entry_rocks,
          guppyfry_snake_entry_garden, cheibrodos_lair_lostbears, uniq_nessos
Lair:4:   gammafunk_lair_enchanted_lake, layout_cave_pods
Lair:5:   due_jungle_book, layout_regular_city, minmay_slime_entry_pillars,
          st_stairs_13, infiniplex_staircase_pool_2
Shoals:1: layout_shoals, nicolae_shoals_dead_sea_scrolls
Shoals:2: layout_shoals, serial_shops, nicolae_lakefront_shop, shop,
          nicolae_shop_gaudy_bauble, nicolae_shop_hallway_plus
Shoals:3: layout_shoals, serial_shops, shop, shop, uniq_ilsuiw, uniq_polyphemus,
          uniq_donald
Shoals:4: shoals_end_hellmonk_holy_island
Snake:1:  layout_basic, nicolae_snake_lava_pool, grunt_megastairs_4, uniq_aizul
Snake:2:  layout_onion, nicolae_snake_gridmaze_tees
Snake:3:  layout_rooms, special_room, nicolae_snake_flat_spine, minmay_shoptagon
Snake:4:  grunt_snake_rune_serpentine_throne, layout_cave_town,
          nicolae_snake_mages_go_home, grunt_megastairs_3, uniq_louise
Orc:1:    layout_caves, basic_altar
Orc:2:    st_orc_congregation, layout_caves, serial_shops,
          nicolae_shop_overgrown_old_shop, shop,
          nicolae_shop_tiny_real_fake_doors, shop, enter_volcano_3, mines1_david
Elf:1:    dreamdust_wu_jian_sword_trials, layout_onion_city, minmay_elf_sorcery,
          uniq_azrael
Elf:2:    elven_hall_of_blades_hangedman_original [nicolae_blade_tridents],
          layout_loops_cross, serial_shops, shop, nicolae_shop_stone,
          nicolae_shop_pleasant_corner_grove, nicolae_shop_behind_doors
Elf:3:    minmay_elf_hall_x, layout_onion_city, serial_shops, shop,
          minmay_misc_feat_columns, minivault_24,
          nicolae_elf_shapeshifter_party, uniq_mara, uniq_norris,
          uniq_saint_roka
Vaults:1: portal_desolation_entry_nicolae_slug,
          nicolae_vaults_twisting_passages, gammafunk_its_a_trap,
          ontoclasm_vaults_gateway, nicolae_vaults_apartment_1,
          layout_vaults_chaotic_city, serial_shops, shop
Vaults:2: gammafunk_ghost_tricky_traps, ontoclasm_vaults_claustrophobia,
          v_misc_31, minmay_crypt_entry_simple_plaza,
          nicolae_vaults_network_quincunx
          [nicolae_vaults_network_quincunx_subvault,
          nicolae_vaults_network_quincunx_subvault,
          nicolae_vaults_network_quincunx_subvault,
          nicolae_vaults_network_quincunx_subvault,
          nicolae_vaults_network_quincunx_subvault], hangedman_vaults_hat,
          nicolae_vaults_storage_closets_2, vaults_room_grid,
          nicolae_vaults_bisected_exclaves, hangedman_vaults_unwind,
          vaults_room_guarded_vault, nicolae_vaults_specimen_jars,
          layout_vaults_omnibox
Vaults:3: nicolae_vaults_closet_pinwheel_2, hangedman_vaults_stagger,
          nicolae_vaults_prndl, nicolae_vaults_six-pack,
          nicolae_vaults_double_plus_3, nicolae_vaults_frosty_reception,
          nicolae_vaults_two_Ls, v_rooms_5, nicolae_vaults_alarming,
          nicolae_vaults_apartment_2, hangedman_vaults_stretched_pinwheel,
          layout_vaults_ring, serial_shops, shop
Vaults:4: ontoclasm_vaults_fault, hangedman_vaults_cutoff, dpeg_vaults_waves,
          nicolae_vaults_storage_closets_3, nicolae_vaults_puzzle_piece,
          nicolae_vaults_diamond_2, v_rooms_2, dpeg_vaults_monster_box,
          nicolae_vaults_what_the_h, vaults_dpeg_spiral, v_misc_19,
          nicolae_vaults_little_squares_4, nicolae_vaults_trapezoid_1,
          nicolae_vaults_two_Ls, nicolae_vaults_variable_pillar_hall,
          nicolae_vaults_shelves_hall, layout_vaults_big_cross, serial_shops,
          nicolae_shop_bloodbath_and_beyond, nicolae_square_shop, shop,
          uniq_xtahua
Vaults:5: serial_shops
Crypt:1:  layout_rooms
Crypt:2:  layout_chaotic_city, mu_enter_wizlab_7, nicolae_crypt_ancient_font
Crypt:3:  evilmike_haunted_forest, uniq_bai_suzhen, uniq_frederick
Depths:1: minmay_the_grid_triangle_9x9_rhombus_full
          [minmay_the_grid_triangle_9x9_steps,
          minmay_the_grid_triangle_9x9_limited_checkers,
          minmay_the_grid_triangle_9x9_alien,
          minmay_the_grid_triangle_9x9_empty,
          minmay_the_grid_triangle_9x9_thin_v,
          minmay_the_grid_triangle_9x9_corrupted_corridor,
          minmay_the_grid_triangle_9x9_subtriangle,
          minmay_the_grid_triangle_9x9_prize_schism], layout_gridville,
          hellmouth_3, minmay_misc_feat_rows, serial_sigils_hangedman_shear,
          nicolae_shop_firing_range
Depths:2: minmay_bad_star, layout_honeycomb, pan_entry, serial_shops, shop,
          hell_entry, chequers_jeans, lemuel_blue_sif_altar,
          serial_bayou_shore_a, infiniplex_staircase_zigzag_4
Depths:3: minmay_stepped, layout_cave_pools, enter_ziggurat_a,
          hangedman_abyss_entry_splay, evilmike_ruin_ashenzari, grunt_metal_band
Depths:4: grunt_zot_entry_pinwheel, layout_gridlike, hell_entry,
          abyss_entry_small_statue_room, serial_shops, bzr_entry_lakeside,
          pan_entry, nicolae_eternal_life, nicolae_keep_em_comin
Zot:1:    hangedman_zot_vaults_quadrants, layout_onion_interference,
          uniq_josephina
Zot:2:    nicolae_zot_stationary_front, layout_cathedral_of_symmetry,
          nicolae_transmutations_shop, st_stairs_14, st_single_dragon_hoard_2,
          grunt_ministairs_2, nicolae_zot_crop_circle
Zot:3:    layout_gridlike
Zot:4:    evilmike_crystal_ball_defense, layout_onion_interference
Zot:5:    layout_twisted_circle

Action                     |  1- 3 |  4- 6 |  7- 9 | 10-12 | 13-15 | 16-18 | 19-21 | 22-24 | 25-27 || total
---------------------------+-------+-------+-------+-------+-------+-------+-------+-------+-------++-------
  Melee: Short sword       |     5 |       |       |       |       |       |       |       |       ||     5
         Whip              |     5 |     8 |       |       |       |       |       |       |       ||    13
         Spear             |       |       |    87 |    35 |       |       |       |       |       ||   122
         Heavy crossbow    |       |       |       |       |       |       |     1 |       |       ||     1
   Fire: Orcbow            |       |    17 |    56 |   680 |   227 |       |       |       |       ||   980
         Heavy crossbow    |       |       |       |       |   495 |   559 |   689 |   803 |   959 ||  3505
         Longbow           |       |       |       |       |    17 |       |       |       |       ||    17
  Throw: Dart              |       |       |       |    14 |     5 |       |       |       |       ||    19
   Cast: Magic Dart        |    27 |     1 |       |       |       |       |       |       |       ||    28
         Searing Ray       |    24 |    41 |    13 |     2 |       |       |       |       |       ||    80
         Blink             |       |       |       |       |       |       |       |     6 |       ||     6
 Invoke: Heroism           |       |       |     3 |    14 |     2 |     4 |       |     1 |       ||    24
         Receive Weapon    |       |       |       |       |     1 |       |       |       |       ||     1
         Receive Armour    |       |       |       |       |     1 |       |       |       |       ||     1
         Finesse           |       |       |       |       |     4 |    10 |    12 |     6 |     9 ||    41
  Evoke: Wand              |       |       |    16 |    46 |     2 |       |       |       |       ||    64
         Lightning rod     |       |       |       |       |       |     1 |       |       |       ||     1
    Use: Scroll            |     1 |     9 |     9 |    11 |     3 |     4 |     9 |     4 |    14 ||    64
         Potion            |       |       |       |     2 |       |     1 |       |       |     6 ||     9
   Stab: Sleeping          |       |     1 |       |     1 |       |       |       |       |       ||     2
         Paralysed         |       |       |     4 |     4 |       |       |       |       |       ||     8
 Armour: Leather armour    |    10 |    16 |     1 |       |       |       |       |       |       ||    27
         Robe              |       |       |    50 |   189 |    58 |       |       |       |       ||   297
         Steam dragon scal |       |       |       |       |   162 |   132 |   115 |   246 |   182 ||   837
  Dodge: Dodged            |     5 |    10 |    77 |   440 |   607 |   450 |   392 |  1273 |   772 ||  4026
  Block: Other             |       |       |    23 |     7 |       |       |       |       |       ||    30
